 Dungeon Crawl Stone Soup version 0.27-a0-1529-g1e82c303ef (webtiles) character file.

Game seed: 13926253971013845324

474 Sobieck the Cleaver (level 6, 0/55 HPs)
             Began as a Deep Dwarf Monk on July 11, 2021.
             Slain by a hobgoblin (1 damage)
             ... on level 4 of the Dungeon.
             The game lasted 00:07:54 (3069 turns).

Sobieck the Cleaver (Deep Dwarf Monk)               Turns: 3069, Time: 00:07:56

Health: 0/55       AC: 10    Str: 16    XL:     6   Next: 84%
Magic:  2/2        EV:  7    Int: 11    God:
Gold:   61         SH:  0    Dex: 15    Spells: 5/5 levels left

rFire    . . .     SeeInvis .   a - +0 hand axe {axe}
rCold    . . .     Faith    .   (no shield)
rNeg     . . .     Spirit   .   v - +0 chain mail
rPois    .         Reflect  .   C - +0 helmet
rElec    .         Harm     .   (no cloak)
rCorr    .         Rampage  .   G - +0 pair of gloves
Will     .....                  (no boots)
Stlth    ..........             (no amulet)
HPRegen  0.00/turn              d - +4 ring of slaying
MPRegen  0.08/turn              (no ring)

@: no status effects
A: damage resistance, heal wounds, sense surroundings 1, no regeneration
a: Heal Wounds


You were on level 4 of the Dungeon.
You visited 1 branch of the dungeon, and saw 5 of its levels.

You collected 173 gold pieces.
You spent 112 gold pieces at shops.


Innate Abilities, Weirdness & Mutations

You are resistant to damage.
You can heal yourself by infusing magical energy.
You passively map a small area around you.
You do not regenerate.


   Skills:
 - Level 2.6 Fighting
 + Level 8.6 Axes
 - Level 3.2 Dodging
 - Level 2.4 Stealth


You had 5 spell levels left.
You didn't know any spells.
Your spell library contained the following spells:

 Spells                   Type           Power      Damage    Failure   Level
 Sandblast                Erth           0%         2d4       100%        1
 Passwall                 Tmut/Erth      0%         N/A       100%        2
 Poisonous Vapours        Pois/Air       0%         N/A       100%        2
 Frozen Ramparts          Ice            0%         1d2       100%        3
 Mephitic Cloud           Conj/Pois/Air  0%         N/A       100%        3
 Ice Form                 Ice/Tmut       0%         N/A       100%        4
 Summon Ice Beast         Ice/Summ       0%         N/A       100%        4
 Freezing Cloud           Conj/Ice/Air   0%         6-21      100%        5
 Lee's Rapid Deconstruct  Erth           0%         3d5*      100%        5

Inventory:

Hand Weapons
 a - a +0 hand axe (weapon) {axe}
 b - a +0 hunting sling {sling}
   (You found it on level 3 of the Dungeon)
 m - a +0 flail {mace}
   (You took it off a gnoll on level 2 of the Dungeon)
 n - a +2 vorpal spear {polearm}
   (You took it off a gnoll on level 2 of the Dungeon)
 o - a +2 flail of protection {mace}
   (You took it off an orc priest on level 4 of the Dungeon)
 y - a +0 whip {mace}
   (You took it off a gnoll on level 2 of the Dungeon)
 D - a +1 dagger of venom {short}
   (You took it off a goblin on level 3 of the Dungeon)
Missiles
 c - 198 stones (quivered) {throwing}
 j - 11 poisoned darts {throwing}
 k - 36 sling bullets
 p - 62 arrows
 q - 10 bolts
 r - 2 throwing nets {=f!fthrowing}
 F - 3 boomerangs {throwing}
Armour
 v - a +0 chain mail (worn)
   (You bought it in a shop on level 3 of the Dungeon)
 w - a +0 plate armour
   (You found it on level 3 of the Dungeon)
 C - a +0 helmet (worn)
   (You took it off Robin on level 3 of the Dungeon)
 G - a +0 pair of gloves (worn)
   (You bought it in a shop on level 3 of the Dungeon)
Magical Staves
 l - a staff of conjuration {!a@e2staff}
   (You found it on level 2 of the Dungeon)
Jewellery
 d - a +4 ring of slaying (left hand)
   (You found it on level 1 of the Dungeon)
Wands
 A - a wand of iceblast (5)
   (You took it off Ijyb on level 3 of the Dungeon)
Scrolls
 e - 3 scrolls of identify {unknown}
 f - a scroll of blinking {unknown}
 i - a scroll of vulnerability {unknown}
 s - a scroll of noise {unknown}
 t - a scroll of teleportation {unknown}
Potions
 g - a potion of ambrosia {unknown}
 h - a potion of curing {unknown}
 u - a potion of invisibility {unknown}
 x - a potion of attraction {unknown}
 z - a potion of haste {unknown}
 E - a potion of degeneration {unknown}

Dungeon Overview and Level Annotations

Branches:
Dungeon (5/15)
 Temple: D:4-7

Altars:
Cheibriados
Dithmenos
The Shining One

Shops:
D:3 [*[

Annotations:
D:4 exclusion: downstairs

, #.# #. * ,##.# * #.
..., , **#.* * #.#
#.##### # .. **#.##
#...... * *
##.##?######..#########
.....#.....#....##.... ,
#.g#.#...#.##..##..# *
*,#.O@.#.#.#..##..##.. +
#.g(#..#.#....†##..##.
.....,#....#......##....
* *####
##################


You could see an ogre and 2 hobgoblins.


Message History

(D) Dungeon
Where to? (Enter - D:5, ? - help)
You see here a hobgoblin corpse.
There is a stone staircase leading down here.
You climb downwards.
A gnoll and a gnoll shaman come into view.
The gnoll shaman shouts!
The gnoll shouts!
A gnoll comes into view. It is wielding a +0 flail.
There is a stone staircase leading up here.
The gnoll hits you from afar with a +0 spear. 😮 HP[-4]
You take 4 damage, and now have 38/55 hp.
A gnoll comes into view. It is wielding a +0 halberd.
The gnoll closely misses you.
The gnoll shaman calls upon its god to speed up the gnoll.
The gnoll seems to speed up.
The gnoll hits you with a +0 spear.
You hear a shout!
There is a stone staircase leading up here.
The gnoll shouts!
You climb upwards.
Level annotation: exclusion: downstairs
There is a stone staircase leading down here.
b - a +0 hunting sling (weapon)
{sling} You see here a hobgoblin corpse.
x - a murky red potion A jelly comes into view.
The jelly quivers.
Fire: 199 stones {throwing}
Press: ? - help, Q - select action, (/) - cycle Shift-Dir - straight line, f - jelly
Aim: a jelly (90% to hit)
You shoot a stone {throwing}. The stone {throwing} hits the jelly.
Fire: 198 stones {throwing}
Press: ? - help, Q - select action, (/) - cycle Shift-Dir - straight line, f/p - jelly
Aim: a jelly (moderately wounded, 90% to hit)
You shoot a stone {throwing}. The stone {throwing} hits the jelly!
Fire: 197 stones {throwing}
Press: ? - help, Q - select action, (/) - cycle Shift-Dir - straight line, f/p - jelly
Aim: a jelly (almost dead, 90% to hit)
You shoot a stone {throwing}. The stone {throwing} hits the jelly!
You kill the jelly!
c - 197 stones {throwing} (gained 1)
c - 198 stones {throwing} (gained 1)
c - 199 stones {throwing} (gained 1)
A ball python comes into view.
The ball python hisses angrily.
Fire: 199 stones {throwing}
Press: ? - help, Q - select action, (/) - cycle Shift-Dir - straight line, f - ball python
Aim: a ball python (61% to hit)
You shoot a stone {throwing}.
The stone {throwing} hits the ball python!
You kill the ball python!
c - 199 stones {throwing} (gained 1)
You see here a ball python corpse.
A hound skeleton comes into view.
The hound skeleton moves out of view.
The hound skeleton barely misses you.
A hound skeleton is nearby!
a - a +0 hand axe (weapon)
{axe} You hit the hound skeleton.
The hound skeleton bites you.
You slash the hound skeleton!
The hound skeleton bites you but does no damage. x2
You hit the hound skeleton.
You destroy the hound skeleton!
b - a +0 hunting sling (weapon)
{sling} A hobgoblin and an ogre come into view.
The hobgoblin shouts!
The ogre shouts!
You hear a shout!
Fire: 199 stones {throwing}
Press: ? - help, Q - select action, (/) - cycle Shift-Dir - straight line, f - ogre
Aim: an ogre, wielding a +0 giant club (76% to hit)
You shoot a stone {throwing}. The stone {throwing} hits the ogre!
a - a +0 hand axe (weapon)
{axe} You hit the ogre.
The ogre hits you with a +0 giant club!!
* * * LOW HITPOINT WARNING * * *
A hobgoblin comes into view. 😨 HP[-16]
You take 16 damage, and now have 22/55 hp.
MASSIVE DAMAGE!! (PAUSE)
Your magical essence is drained by the effort!
You feel much better.
The ogre hits you with a +0 giant club!!
* * * LOW HITPOINT WARNING * * *
😨 MP[-1]
Your magical essence is drained by the effort!
You feel much better. The ogre hits you with a +0 giant club!
* * * LOW HITPOINT WARNING * * *
😨 HP[+3] MP[-1]
You regained 3 hp, and now have 25/55 hp.
You fail to use your ability.
The hobgoblin hits you but does no damage.
You hit the ogre. You closely miss the hobgoblin.
The hobgoblin barely misses you.
The ogre hits you with a +0 giant club!!
* * * LOW HITPOINT WARNING * * *
😱 HP[-24]
You take 24 damage, and now have 1/55 hp.
MASSIVE DAMAGE!! (PAUSE)
You hit the ogre. You barely miss the hobgoblin. The hobgoblin hits you.
You die...

Skill      XL: |  1  2  3  4  5  6 |
---------------+-------------------+-----
Axes           | 4 5 6 7 8 |  8.6
Fighting       | |  2.6
Dodging        | |  3.2
Stealth        | |  2.4

Action                   |  1- 3 |  4- 6 || total
-------------------------+-------+-------++-------
Melee: Hand axe          |    73 |   155 ||   228
 Fire: Hunting sling     |       |    33 ||    33
Throw: Dart              |    20 |       ||    20
 Abil: Heal Wounds       |     3 |     7 ||    10
 Stab: Sleeping          |     2 |     2 ||     4
       Distracted        |       |     1 ||     1
Armor: Robe              |    11 |     7 ||    18
       Chain mail        |       |    50 ||    50
Dodge: Dodged            |    43 |    47 ||    90

Levels and vault maps discovered:
D:1:      dpeg_arrival_lava_altar, layout_basic
D:2:      layout_basic
D:3:      layout_basic, nicolae_overflow_crystal_walls, serial_shops, shop,
          nicolae_shop_waterfront, shop, shapermc_ecumenical_altar_ellora,
          uniq_natasha, uniq_ijyb, uniq_robin
D:4:      minmay_thinvault, layout_loops_ring, cheibriados_altar_1,
          kennysheep_mini, kennysheep_orc_sif_temple
D:5:      layout_cave_pools, trog_wizard, minmay_temple_entry_tees,
          minmay_misc_feat_rugged, chequers_serial_rivers_large_a,
          minmay_hollow_rounded_squares

Notes
Turn   | Place    | Note
-------+----------+-------------------------------------------
     0 | D:1      | Sobieck the Deep Dwarf Monk began the quest for the Orb.
     0 | D:1      | Reached XP level 1. HP: 20/20 MP: 1/1
     0 | D:1      | magus.rc [v1.9.6]
   212 | D:1      | Reached skill level 4 in Axes
   212 | D:1      | Reached XP level 2. HP: 24/27 MP: 2/2
   424 | D:2      | Reached XP level 3. HP: 27/33 MP: 3/3
   677 | D:1      | Found a glowing golden altar of the Shining One.
   779 | D:2      | Reached skill level 5 in Axes
   791 | D:2      | Reached XP level 4. HP: 35/40 MP: 3/3
   955 | D:2      | Reached skill level 6 in Axes
  1407 | D:3      | Found Omieg's General Store.
  1407 | D:3      | Found Jifrij's Armour Shoppe.
  1421 | D:3      | Bought a +0 chain mail for 54 gold pieces
  1703 | D:3      | Found Wapaxam's Armour Shoppe.
  1750 | D:3      | Noticed Ijyb
  1789 | D:3      | Killed Ijyb
  1790 | D:3      | Reached XP level 5. HP: 30/46 MP: 4/4
  1875 | D:3      | Found a faded altar of an unknown god.
  1907 | D:3      | Noticed Natasha
  1916 | D:3      | Killed Natasha
  1974 | D:3      | Found a shadowy altar of Dithmenos.
  1985 | D:3      | Noticed Natasha
  1993 | D:3      | Killed Natasha
  1994 | D:3      | Reached skill level 7 in Axes
  2076 | D:3      | Noticed Robin
  2076 | D:3      | Noticed Natasha
  2090 | D:3      | Killed Natasha
  2097 | D:3      | Killed Robin
  2285 | D:3      | Reached XP level 6. HP: 32/55 MP: 4/4
  2504 | D:5      | Entered Level 5 of the Dungeon
  2559 | D:4      | You pick up a book of Geomancy and begin reading...
  2559 | D:4      | You add the spells Sandblast, Passwall and Lee's Rapid
                  | Deconstruction to your library.
  2598 | D:5      | Noticed a water moccasin
  2658 | D:4      | Reached skill level 8 in Axes
  2735 | D:4      | Found a snail-covered altar of Cheibriados.
  2750 | D:4      | You pick up a book of Rime and begin reading...
  2750 | D:4      | You add the spells Frozen Ramparts, Ice Form and Summon Ice
                  | Beast to your library.
  2806 | D:3      | Bought a +0 pair of gloves for 58 gold pieces
  2852 | D:4      | You pick up a book of Vapours and begin reading...
  2852 | D:4      | You add the spells Poisonous Vapours, Mephitic Cloud and
                  | Freezing Cloud to your library.
  3068 | D:4      | HP: 1/55 [ogre (24)]
  3069 | D:4      | Slain by a hobgoblin

Vanquished Creatures
  A wyvern zombie (D:4)
  A hound (D:4)
  A jelly (D:4)
  2 orc priests (D:4)
  Ijyb (D:3)
  Natasha (thrice) (D:3)
  A hound skeleton (D:4)
  Robin (D:3)
  6 gnolls (D:2)
  2 adders (D:2)
  2 worms
  A dart slug (D:1)
  4 orcs (D:4)
  8 ball pythons
  7 endoplasms
  3 giant cockroaches
  13 goblins
  9 hobgoblins
  5 jackals (D:1)
  A quokka (D:2)
  6 bats
  5 frilled lizards
  4 kobolds
  7 rats
94 creatures vanquished.

Table legend:
 A = Non-vault XP
 B = Vault XP
 C = Vault XP percentage of total XP
 D = Non-vault monster count
 E = Vault monster count
 F = Vault count percentage of total count
                 A         B        C        D         E       F
            +---------+---------+-------+---------+---------+-------
      Total |     550 |     128 |  18.9 |      77 |      17 |  18.1
            +---------+---------+-------+---------+---------+-------
        D:1 |      40 |       0 |   0.0 |      25 |       0 |   0.0
        D:2 |     142 |       0 |   0.0 |      24 |       0 |   0.0
        D:3 |      93 |     108 |  53.7 |      14 |      14 |  50.0
        D:4 |     275 |      20 |   6.8 |      14 |       3 |  17.6
            +---------+---------+-------+---------+---------+-------

Illustrated notes

Table legend:
 A = Kills in this place as a percentage of kills in entire the game.
 B = Kills by you in this place as a percentage of kills by you in the entire game.
 C = Kills by friends in this place as a percentage of kills by friends in the entire game.
 D = Other kills in this place as a percentage of other kills in the entire game.
 E = Experience gained in this place as a percentage of experience gained in the entire game.
 F = Experience gained in this place divided by the number of levels of this place that you have seen.
                   A       B       C       D       E      F
               +-------+-------+-------+-------+-------+----------------------
         Total | 100.0 | 100.0 |   N/A |   N/A | 100.0 | 135.6
       Dungeon | 100.0 | 100.0 |   N/A |   N/A | 100.0 | 135.6
               +-------+-------+-------+-------+-------+----------------------

Table legend: (Time is in decaauts)
 A = Elapsed time spent in this place.
 B = Non-inter-level travel time spent in this place.
 C = Inter-level travel time spent in this place.
 D = Time resting spent in this place.
 E = Time spent auto-exploring this place.
 F = Levels seen in this place.
 G = Mean time per level.
                   A        B        C        D        E       F      G
               +--------+--------+--------+--------+--------+-----+--------+
         Total |   3072 |   2799 |    273 |    104 |   1912 |   5 |  614.4 |
       Dungeon |   3072 |   2799 |    273 |    104 |   1912 |   5 |  614.4 |
               +--------+--------+--------+--------+--------+-----+--------+

Top non-repeatable levels by time:
     D:3: 891 daAuts
     D:2: 887 daAuts
     D:1: 705 daAuts
     D:4: 576 daAuts
     D:5: 12 daAuts
